 Dungeon Crawl Stone Soup version 0.21.1-1-g345015fe64 (webtiles) character file.

173715 Gargoyl the Agent of Entropy (level 17, -2/146 HPs)
             Began as a Centaur Abyssal Knight on June 22, 2018.
             Was a Priest of Lugonu.
             Slain by a spriggan defender
             ... wielding a +1 demon whip of electrocution
             ... led by the Enchantress
              (19 damage)
             ... on level 1 of the Depths.
             The game lasted 01:30:36 (54985 turns).

Gargoyl the Agent of Entropy (CeAK)                Turns: 54985, Time: 01:30:36

Health: -2/146     AC: 37    Str: 27    XL:     17   Next: 43%
Magic:  28/28      EV:  6    Int: 11    God:    Lugonu [***...]
Gold:   1426       SH:  0    Dex: 12    Spells: 16/16 levels left

rFire    . . .     SeeInvis +   a - +9 hand axe (flame)
rCold    . . .     Gourm    .   o - +0 shield
rNeg     + . .     Faith    .   T - +4 chain mail {rPois}
rPois    +         Spirit   .   N - +0 helmet {SInv}
rElec    .         Reflect  +   I - +0 cloak
rCorr    .         Harm     .   l - +2 pair of gloves {Str+3}
MR       ++...                  p - +4 centaur barding
Stlth    ..........             y - +3 amulet of reflection
HPRegen  0.34/turn              m - ring of positive energy
MPRegen  0.21/turn              O - +3 ring of strength

@: confused, very quick
A: large, hooves 3, iridescent scales 1, slimy green scales 1, deformed body,
speed 2, magic resistance 1, strong 1, tough skin 3
a: Depart the Abyss, Bend Space, Banish, Renounce Religion


You were on level 1 of the Depths.
You worshipped Lugonu.
Lugonu was most pleased with you.
You were near starving.

You visited 5 branches of the dungeon, and saw 28 of its levels.
You visited the Abyss 3 times.
You also visited: Sewer and Ossuary.

You collected 3073 gold pieces.
You spent 1647 gold pieces at shops.

Inventory:

Hand Weapons
 a - a +9 hand axe of flaming (weapon)
 j - a +1 hand axe of flaming
 S - a +1 broad axe
Missiles
 U - 12 javelins (quivered)
Armour
 l - a +2 pair of gloves of strength (worn)
 o - a +0 shield (worn)
 p - a +4 centaur barding (worn)
 I - a +0 cloak (worn)
 N - a +0 helmet of see invisible (worn)
 T - a +4 chain mail of poison resistance (worn)
Jewellery
 m - a ring of positive energy (left hand)
 n - an uncursed amulet of regeneration
 x - an uncursed ring of positive energy
 y - a +3 amulet of reflection (around neck)
 O - a +3 ring of strength (right hand)
 P - an uncursed ring of protection from fire
Wands
 K - a wand of clouds (2)
 M - a wand of scattershot (6)
 W - a wand of digging (31)
Scrolls
 g - 14 scrolls of remove curse
 k - 7 scrolls of identify
 t - 6 scrolls of fog
 u - 10 scrolls of teleportation
 z - 2 scrolls of enchant weapon
 C - 2 scrolls of blinking
 D - a scroll of enchant armour
 V - a scroll of fear
 Z - a scroll of magic mapping
Potions
 b - 3 potions of haste
 i - a potion of resistance
 q - 6 potions of magic
 r - 3 potions of flight
 w - 4 potions of cancellation
 B - 2 potions of curing
 F - a potion of ambrosia
 H - 2 potions of berserk rage
 R - a potion of brilliance
 Y - a potion of invisibility
Comestibles
 c - a ration


   Skills:
 + Level 12.0 Fighting
 + Level 14.6 Axes
 + Level 1.4 Throwing
 * Level 13.8 Armour
 + Level 4.0 Dodging
 + Level 8.1 Shields
 * Level 14.9 Invocations
 + Level 0.3 Evocations


You had 16 spell levels left.
You didn't know any spells.

Dungeon Overview and Level Annotations

Branches:
Dungeon (15/15)            Temple (0/1) D:6            Lair (6/6) D:11
 Shoals (0/4) Lair:2        Snake (4/4) Lair:2        Slime (0/5) Lair:5
    Orc (2/2) D:9             Elf (0/3) Orc:2        Vaults (0/5) D:13
 Depths (1/5) D:15

Altars:
Cheibriados
Fedhas
Gozag
Hepliaklqana
Makhleb
Nemelex Xobeh
Okawaru
Qazlal
Ru
Trog
Xom
Zin
The Shining One

Shops:
D:8 *   D:12 (   Orc:2 *=([   Snake:1 }}=

Annotations:
Depths:1 the Enchantress
Abyss:1 Bai Suzhen


Innate Abilities, Weirdness & Mutations

You have hooves in place of feet.
Armour fits poorly on your strangely shaped body.
You cover ground very quickly.
You have extremely tough skin. (AC +3)
You are partially covered in iridescent scales. (AC +2)
You are partially covered in slimy green scales. (AC +2)
You are resistant to hostile enchantments. (MR+)
Your muscles are strong. (Str +2)


Message History

You are electrocuted!
* * * LOW HITPOINT WARNING * * *
You are more confused.
You feel invigorated.
The spriggan defender hits you but does no damage.
The spriggan barely misses you.
The spriggan defender hits you but does no damage.
The Enchantress hits you but does no damage.
You are electrocuted!
* * * LOW HITPOINT WARNING * * *
You're too confused!
You hit the spriggan defender. You burn the spriggan defender.
Your kick misses the spriggan defender.
The spriggan defender is lightly wounded.
You slash the spriggan! You burn the spriggan.
You hit the Enchantress but do no damage.
The spriggan barely misses you.
The spriggan defender hits you but does no damage.
You are electrocuted!
You die...

##### ##### #...#
#...##♣.>.♣##
#...#.......#
#....)..♣.>.#
#...#..)....#
#...##♣)ii♣## #..T#
#.i@# #####
#..i########..#.
#..i)..........
#......(.......
#......[.......
#...##i####'###
#...##i.###..### #####
#)..#..)i......#.....#
#...#.....[...[#>....+


You could see the Enchantress, a spriggan defender and a spriggan.

Vanquished Creatures
  Rupert (Lair:4)
  Asterion (Snake:3)
  Kirke (D:11)
  A sphinx (Depths:1)
  A nagaraja (Snake:2)
  A fire giant (D:15)
  An orc warlord (Orc:2)
  A spriggan defender (D:15)
  An entropy weaver (Lair:4)
  3 ettins
  Snorg (Lair:4)
  A fire dragon (D:15)
  Josephine (D:10)
  Erolcha (D:13)
  2 ogre magi (Depths:1)
  A rakshasa (Depths:1)
  9 naga warriors
  4 centaur warriors
  6 anacondas
  2 dancing weapons (D:13)
  A queen ant (Lair:4)
  2 death knights
  10 two-headed ogres
  A deep troll shaman (Depths:1)
  4 death yaks (Lair:5)
  3 shock serpents
  8 naga sharpshooters
  Urug (Lair:4)
  Nergalle (D:11)
  A wretched star (Abyss:1)
  A fire crab (Lair:6)
  A salamander mystic (Snake:3)
  A skeletal warrior (D:11)
  3 iron trolls (D:15)
  2 sea snakes (Snake:1)
  2 deep trolls
  2 unseen horrors (D:12)
  Pikel (D:7)
  2 orc knights
  4 naga ritualists
  A necromancer (D:15)
  A frost giant zombie (Depths:1)
  An orc sorcerer (Orc:1)
  9 cyclopes
  2 manticores
  4 mana vipers
  12 salamanders
  An oklob plant (Snake:2)
  18 ugly things
  3 merfolk sirens (Lair:2)
  45 black mambas
  5 guardian serpents
  2 gargoyles
  Maurice (Orc:2)
  14 naga magi
  2 molten gargoyles (Lair:6)
  A torpor snail (Lair:4)
  7 spiny frogs
  A freezing wraith (D:11)
  9 kobold demonologists
  A yaktaur (D:15)
  2 tengu conjurers (D:15)
  7 trolls
  6 komodo dragons
  A merfolk (shapeshifter) (D:12)
  A polar bear (Lair:4)
  22 slime creatures
  A hornet (Lair:4)
  2 merfolk
  7 hippogriffs
  4 dream sheep (Lair:6)
  16 blink frogs
  2 large abominations (Abyss:1)
  10 spriggans
  11 wraiths
  2 vampires
  8 wyverns
  48 yaks
  7 basilisks
  3 hungry ghosts
  7 vampire mosquitoes
  A hog (D:11)
  2 steam dragons (Lair:6)
  A neqoxec (Abyss:1)
  9 wargs
  Menkaure (D:5)
  41 nagas
  An acid dragon (D:12)
  23 soldier ants
  10 water moccasins
  5 porcupines
  Duvessa (D:4)
  21 orc warriors
  4 hell hounds (Lair:6)
  4 black bears
  4 ice beasts
  A slave (D:7)
  4 sky beasts
  An eye of draining (D:10)
  8 wolves
  18 centaurs
  15 ogres
  8 big kobolds
  2 elf zombies (Ossuary)
  15 crocodiles
  3 small abominations (Abyss:1)
  17 bullfrogs
  Dowan (D:4)
  2 wyvern skeletons
  A glowing shapeshifter simulacrum (Depths:1)
  3 scorpions
  17 wights
  7 howler monkeys
  8 electric eels
  4 bullfrog zombies
  5 lava snakes (Lair:6)
  11 crimson imps
  4 jellies
  A human zombie (Ossuary)
  5 centaur zombies
  8 hounds
  A bullfrog skeleton (D:12)
  13 orc priests
  5 centaur skeletons
  An iron imp (Abyss:1)
  Ijyb (D:5)
  6 iguanas
  18 orc wizards
  27 worker ants
  A killer bee zombie (D:9)
  3 mummies (Ossuary)
  3 hound zombies (Ossuary)
  A hound skeleton (D:8)
  2 worker ant zombies
  4 gnolls (D:7)
  16 adders
  2 river rats (Sewer)
  3 shadow imps
  2 oozes (Sewer)
  4 adder zombies (Ossuary)
  5 worms
  A dart slug (D:1)
  8 leopard geckos
  74 orcs
  7 ball pythons
  5 giant cockroaches
  A gnoll zombie (Ossuary)
  6 goblins
  11 hobgoblins
  9 jackals
  26 kobolds
  6 quokkas
  8 bats
  9 frilled lizards
  3 giant cockroach zombies
  3 goblin zombies (Ossuary)
  2 hobgoblin zombies (Ossuary)
  2 jackal zombies (Ossuary)
  5 kobold zombies (Ossuary)
  2 leopard gecko zombies
  An orc zombie (Ossuary)
  A quokka skeleton (D:4)
  5 quokka zombies (Ossuary)
  11 rats
  4 rat zombies (Ossuary)
  2 fungi
  A plant (Lair:6)
1026 creatures vanquished.

Vanquished Creatures (collateral kills)
  An ogre (D:10)
  A howler monkey (D:10)
2 creatures vanquished.

Vanquished Creatures (others)
  A stone giant (Orc:2)
  An ettin (Orc:2)
  6 hydras
  The ghost of Lentor the Carver, a novice MiBe of Trog (D:9)
  2 death knights
  A wizard (D:9)
  2 naga magi (Snake:3)
  A red devil (Abyss:1)
  A hornet (D:9)
  A hungry ghost (D:11)
  4 humans (D:12)
  A soldier ant (Lair:4)
  4 electric eels
  An adder zombie (D:7)
  A quokka skeleton (D:7)
  7 bushes (Depths:1)
  5 fungi
  74 plants
114 creatures vanquished.

Grand Total: 1142 creatures vanquished

Notes
Turn   | Place    | Note
-------+----------+-------------------------------------------
     0 | Abyss:1  | Gargoyl the Centaur Abyssal Knight began the quest for the Orb.
     0 | Abyss:1  | Reached XP level 1. HP: 19/19 MP: 2/2
    85 | Abyss:1  | Noticed a starcursed mass
    90 | Abyss:1  | Noticed an efreet
   120 | Abyss:1  | Noticed a large abomination
   127 | Abyss:1  | Noticed a rust devil
   213 | Abyss:2  | Noticed a large abomination
   302 | D:1      | Escaped the Abyss
   589 | D:1      | Reached XP level 2. HP: 26/26 MP: 3/3
   834 | D:1      | Reached * piety under Lugonu
  1168 | D:2      | Reached XP level 3. HP: 19/31 MP: 4/4
  1433 | D:2      | Reached XP level 4. HP: 24/38 MP: 5/5
  1919 | D:2      | Reached ** piety under Lugonu
  2068 | D:2      | Found a snail-covered altar of Cheibriados.
  2068 | D:2      | Found a glowing silver altar of Zin.
  2279 | D:3      | Reached skill level 1 in Dodging
  2620 | D:3      | Found a bloodstained altar of Trog.
  2631 | D:3      | Reached XP level 5. HP: 43/45 MP: 7/7
  2761 | D:4      | Found an opulent altar of Gozag.
  2779 | D:4      | Found a glowing golden altar of the Shining One.
  2890 | D:4      | Found a glowing drain.
  2917 | Sewer    | Entered a sewer
  3324 | Sewer    | Reached XP level 6. HP: 35/52 MP: 8/8
  3788 | Sewer    | Reached XP level 7. HP: 54/59 MP: 9/9
  4107 | D:4      | Found a blossoming altar of Fedhas.
  4386 | D:4      | Noticed Duvessa
  4386 | D:4      | Noticed Dowan
  4405 | D:4      | Killed Duvessa
  4412 | D:4      | Killed Dowan
  4580 | D:3      | Found a burning altar of Makhleb.
  4824 | D:4      | Reached skill level 5 in Axes
  5134 | D:5      | Entered Level 5 of the Dungeon
  5249 | D:5      | Noticed Menkaure
  5261 | D:5      | Killed Menkaure
  5261 | D:5      | Reached *** piety under Lugonu
  5261 | D:5      | Reached XP level 8. HP: 17/67 MP: 11/11
  5787 | D:5      | Found a blossoming altar of Fedhas.
  5927 | D:5      | Found an iron altar of Okawaru.
  6042 | D:5      | Noticed Ijyb
  6060 | D:5      | Killed Ijyb
  6083 | D:5      | Gained mutation: You are robust. (+10% HP) [potion of mutation]
  6083 | D:5      | Gained mutation: You have very sharp teeth. [potion of mutation]
  6083 | D:5      | Gained mutation: Your system is resistant to poisons. (rPois) [potion of mutation]
  6084 | D:5      | Lost mutation: You have very sharp teeth. [potion of mutation]
  6084 | D:5      | Lost mutation: Your system is resistant to poisons. (rPois) [potion of mutation]
  6084 | D:5      | Gained mutation: You have a pair of small antennae on your head. [potion of mutation]
  6084 | D:5      | Gained mutation: You are very robust. (+20% HP) [potion of mutation]
  6085 | D:5      | Lost mutation: You have a pair of small antennae on your head. [potion of mutation]
  6085 | D:5      | Lost mutation: You are very robust. (+20% HP) [potion of mutation]
  6085 | D:5      | Gained mutation: You are weak. (Str -2) [potion of mutation]
  6085 | D:5      | Gained mutation: Your spells are a little harder to cast, but a little more powerful. [potion of mutation]
  6085 | D:5      | Gained mutation: You are partially covered in slimy green scales. (AC +2) [potion of mutation]
  6698 | D:6      | Found a sand-covered staircase.
  6706 | Ossuary  | Entered an ossuary
  6972 | Ossuary  | Reached **** piety under Lugonu
  7005 | Ossuary  | Reached skill level 5 in Invocations
  7342 | D:6      | Reached skill level 5 in Armour
  7455 | D:6      | Found a sacrificial altar of Ru.
  7591 | D:6      | Got a fine falchion
  7602 | D:6      | Identified the +3 falchion of Disarray {slice, +Fly rElec rPois Int+9} (You found it on level 6 of the Dungeon)
  7674 | D:6      | Reached XP level 9. HP: 80/80 MP: 13/13
  7679 | D:6      | Reached skill level 5 in Fighting
  7949 | D:6      | Found a staircase to the Ecumenical Temple.
  8125 | D:7      | Noticed Pikel
  8204 | D:7      | Killed Pikel
  8471 | D:7      | Found a sparkling altar of Nemelex Xobeh.
  9413 | D:8      | Found a hazy altar of Hepliaklqana.
  9700 | D:8      | Found Vuodd's General Store.
 10521 | D:8      | Noticed a two-headed ogre
 10536 | D:8      | Killed a two-headed ogre
 10536 | D:8      | Reached XP level 10. HP: 41/91 MP: 15/15
 11446 | D:9      | Found a staircase to the Orcish Mines.
 11487 | D:9      | Found a stormy altar of Qazlal.
 11774 | D:9      | Reached ***** piety under Lugonu
 11883 | D:9      | Noticed Lentor's ghost (novice MiBe)
 12087 | D:9      | Banished Lentor's ghost
 12584 | D:9      | Noticed a four-headed hydra
 12654 | D:9      | Banished a four-headed hydra
 13224 | D:9      | Noticed a wizard
 13234 | D:9      | Cast into level 2 of the Abyss (a wizard)
 13285 | Abyss:2  | Noticed a smoke demon
 13292 | D:9      | Escaped the Abyss
 13295 | D:9      | Banished a wizard
 13849 | D:9      | Reached XP level 11. HP: 99/100 MP: 17/17
 13857 | D:10     | Entered Level 10 of the Dungeon
 14370 | D:10     | Identified the Collected Works on Earth
 15102 | D:10     | Noticed Josephine
 15161 | D:10     | Killed Josephine
 15161 | D:10     | Reached skill level 10 in Axes
 15408 | D:11     | Noticed a two-headed ogre
 15422 | D:11     | Killed a two-headed ogre
 15533 | D:11     | Found a staircase to the Lair.
 15583 | D:11     | Noticed a skeletal warrior
 16106 | D:11     | Noticed a purple ugly thing
 16286 | D:11     | Killed a purple ugly thing
 16380 | D:11     | Killed a skeletal warrior
 16380 | D:11     | Reached skill level 1 in Shields
 16504 | D:11     | Noticed a death knight
 16508 | D:11     | Noticed a death knight
 16556 | D:11     | Reached XP level 12. HP: 89/110 MP: 18/18
 16559 | D:11     | Noticed Nergalle
 16559 | D:11     | Noticed a death knight
 17254 | D:10     | Banished a death knight
 17589 | D:10     | Killed a death knight
 18185 | D:11     | Noticed a death knight
 18479 | D:11     | Banished a death knight
 19545 | D:11     | Killed Nergalle
 19736 | Lair:1   | Entered Level 1 of the Lair of Beasts
 20169 | Lair:1   | Reached skill level 10 in Invocations
 20893 | Lair:2   | Found a staircase to the Snake Pit.
 21069 | Lair:2   | Found a staircase to the Shoals.
 22196 | Lair:3   | Reached XP level 13. HP: 93/117 MP: 20/20
 22629 | Lair:3   | Reached skill level 10 in Armour
 23175 | Lair:3   | Reached skill level 1 in Throwing
 23441 | Lair:3   | Lost mutation: Your spells are a little harder to cast, but a little more powerful. [potion of mutation]
 23441 | Lair:3   | Lost mutation: You are weak. (Str -2) [potion of mutation]
 23441 | Lair:3   | Gained mutation: You are agile. (Dex +2) [potion of mutation]
 23441 | Lair:3   | Gained mutation: Scrolls take you a little longer to read. [potion of mutation]
 23441 | Lair:3   | Gained mutation: You are resistant to hostile enchantments. (MR+) [potion of mutation]
 23442 | Lair:3   | Lost mutation: You are resistant to hostile enchantments. (MR+) [potion of mutation]
 23442 | Lair:3   | Lost mutation: You are agile. (Dex +2) [potion of mutation]
 23442 | Lair:3   | Gained mutation: You are clumsy. (Dex -2) [potion of mutation]
 23442 | Lair:3   | Gained mutation: Your muscles are strong. (Str +2) [potion of mutation]
 23583 | Lair:4   | Noticed Urug
 23625 | Lair:4   | Killed Urug
 24260 | Lair:4   | Noticed an entropy weaver
 24684 | Lair:5   | Banished an entropy weaver
 25050 | Lair:5   | Lost mutation: Scrolls take you a little longer to read. [potion of mutation]
 25050 | Lair:5   | Lost mutation: Your muscles are strong. (Str +2) [potion of mutation]
 25050 | Lair:5   | Lost mutation: You are robust. (+10% HP) [potion of mutation]
 25050 | Lair:5   | Lost mutation: You are clumsy. (Dex -2) [potion of mutation]
 25050 | Lair:5   | Gained mutation: You are partially covered in iridescent scales. (AC +2) [potion of mutation]
 25050 | Lair:5   | Gained mutation: You are resistant to hostile enchantments. (MR+) [potion of mutation]
 25114 | Lair:4   | Noticed Snorg
 25188 | Lair:4   | Killed Snorg
 25842 | Lair:4   | Noticed an entropy weaver
 26088 | Lair:4   | Killed an entropy weaver
 26125 | Lair:4   | Noticed Rupert
 26474 | Lair:4   | Killed Rupert
 27439 | Lair:5   | Found a staircase to the Slime Pits.
 27946 | Lair:5   | Reached XP level 14. HP: 74/118 MP: 22/22
 28524 | Lair:6   | Entered Level 6 of the Lair of Beasts
 30013 | Lair:6   | Found a large runed door.
 30014 | Lair:6   | Found a large runed door.
 32432 | D:12     | Noticed Kirke
 32457 | D:11     | Killed Kirke
 32567 | D:12     | Found Imiuvofecs's Antique Weapon Shoppe.
 33021 | D:12     | Reached skill level 5 in Shields
 33936 | D:13     | Noticed Erolcha
 34070 | D:13     | Found a gate to the Vaults.
 34078 | D:13     | Killed Erolcha
 34821 | D:13     | Reached XP level 15. HP: 121/126 MP: 24/24
 34873 | D:13     | Reached skill level 10 in Fighting
 36788 | D:15     | Entered Level 15 of the Dungeon
 36790 | D:15     | Found a staircase to the Depths.
 36790 | D:15     | Noticed a fire giant
 37914 | D:15     | Killed a fire giant
 38820 | Orc:1    | Entered Level 1 of the Orcish Mines
 39187 | Orc:1    | Reached ****** piety under Lugonu
 39349 | Orc:1    | You fall through a shaft!
 39349 | Orc:2    | Entered Level 2 of the Orcish Mines
 39349 | Orc:2    | Found a staircase to the Elven Halls.
 39358 | Orc:2    | Noticed Maurice
 39472 | Orc:2    | Found Secyq's Jewellery Boutique.
 39489 | Orc:2    | Killed Maurice
 40518 | Orc:2    | Found Wanotegh's Antique Armour Shop.
 40522 | Orc:2    | Found Tuggit's Antique Weapon Shoppe.
 40664 | Orc:1    | Noticed an orc warlord
 40902 | Orc:2    | Killed an orc warlord
 41554 | Orc:2    | Found Ypyd Sirch's General Store.
 41781 | Orc:2    | Bought a scroll of enchant weapon for 90 gold pieces
 41954 | Orc:2    | Bought a runed hand axe for 120 gold pieces
 41971 | Orc:2    | Bought a pair of embroidered gloves for 187 gold pieces
 41971 | Orc:2    | Bought a shiny centaur barding for 650 gold pieces
 42119 | Snake:1  | Entered Level 1 of the Snake Pit
 42905 | Depths:1 | Entered Level 1 of the Depths
 42930 | D:15     | Reached XP level 16. HP: 83/136 MP: 25/25
 43853 | Depths:1 | Noticed a sphinx
 43869 | Depths:1 | Killed a sphinx
 43890 | Depths:1 | Noticed Bai Suzhen
 44343 | Snake:1  | Found Yfipaxt's Gadget Shoppe.
 44948 | Snake:1  | Found Ujiqifid's Jewellery Shop.
 44949 | Snake:1  | Found Osoybiets's Gadget Shoppe.
 44956 | Snake:1  | Bought an uncursed amulet of regeneration for 600 gold pieces
 45131 | Snake:1  | Identified the Grimoire of Frigorific Enhancements
 46202 | Snake:2  | Got a pair of faintly humming gloves
 46215 | Snake:2  | Identified the +2 pair of gloves of Greed {Dex+4} (You found it on level 2 of the Snake Pit)
 46885 | Snake:2  | Found a shimmering altar of Xom.
 48665 | Snake:3  | Noticed Asterion
 50497 | Snake:3  | Killed Asterion
 50497 | Snake:3  | Reached XP level 17. HP: 146/146 MP: 27/27
 50910 | Snake:4  | Entered Level 4 of the Snake Pit
 52811 | Abyss:1  | Gained mutation: Your muscles are strong. (Str +2) [a neqoxec]
 52821 | Abyss:1  | Noticed a bone dragon
 52836 | Abyss:1  | Found a corrupted altar of Lugonu.
 53117 | D:15     | Escaped the Abyss
 53121 | D:15     | Banished Bai Suzhen
 54676 | Depths:1 | Noticed the Enchantress
 54985 | Depths:1 | Slain by a spriggan defender

Skill      XL: |  1  2  3  4  5  6  7  8  9 10 11 12 13 14 15 16 17 |
---------------+----------------------------------------------------+-----
Axes           | 2 3 4 5 6 8 9 11 12 13 14 | 14.6
Armour         | 2 3 4 5 6 7 8 9 11 12 13 | 13.8
Dodging        | 1 2 3 4 |  4.0
Invocations    | 3 4 5 6 8 9 10 11 12 13 14 | 14.9
Fighting       | 4 6 7 8 9 10 11 12 | 12.0
Shields        | 1 2 4 5 6 7 8 |  8.1
Throwing       | 1 |  1.4
Evocations     | |  0.3

Action                   |  1- 3 |  4- 6 |  7- 9 | 10-12 | 13-15 | 16-18 || total
-------------------------+-------+-------+-------+-------+-------+-------++-------
Melee: Hand axe          |   101 |   205 |   645 |  1129 |  2193 |  1064 ||  5337
       Kick              |     9 |    46 |   175 |   274 |   745 |   453 ||  1702
Throw: Tomahawk          |       |       |     6 |     9 |     4 |       ||    19
       Javelin           |       |       |       |       |     9 |       ||     9
Invok: Depart the Abyss  |     1 |       |       |     1 |       |     1 ||     3
       Banish            |       |       |     1 |    12 |    16 |    14 ||    43
       Bend Space        |       |       |       |     1 |     3 |     1 ||     5
       Enter the Abyss   |       |       |       |       |       |     1 ||     1
Evoke: Wand              |       |       |     3 |     3 |       |     1 ||     7
  Use: Scroll            |     8 |     2 |    17 |    10 |    13 |     8 ||    58
       Potion            |     1 |       |     4 |     3 |     7 |    14 ||    29
 Stab: Paralysed         |       |       |     1 |     8 |       |       ||     9
  Eat: Chunk             |     1 |     6 |    10 |    12 |    22 |    15 ||    66
       Ration            |       |       |     3 |     8 |    14 |     7 ||    32
Armor: Chain mail        |   108 |   188 |   116 |       |  1267 |   591 ||  2270
       Plate armour      |       |       |   393 |   873 |    77 |       ||  1343
Dodge: Dodged            |    29 |    12 |    22 |    48 |   230 |   146 ||   487
Block: Shield            |       |       |       |   194 |   822 |   642 ||  1658
       Reflection        |       |       |       |       |       |    47 ||    47
